AoeStats
← (Z4K4) franki90_

Enclosed

504856037Analyzed
1v1 RM · 25d ago on Sep 6, 2026· 54m 46s· 2 players
Game mode
Random Map
Map size
Tiny (2 player)
Population
200
Speed
Normal
Resources
Standard
Victory
Conquest
Starting age
Dark Age
Ending age
Imperial Age
RankedLock teamsTeams togetherTeam positionsShared explorationLock speedFull tech treeHidden civsTurbo modeCheats
Victory
Defeat
🇪🇸 Persians · Spain
653
+14
🇲🇽 Bulgarians · Mexico
613
-14
abe.anderman
3:09 Loom
13:45 Feudal Age
14:17 Horse Collar
15:01 Double-Bit Axe
15:55 Wheelbarrow
23:02 Castle Age
22:49 Scale Mail Armor
22:59 Forging
23:54 Bloodlines
25:55 Gambesons
26:10 Squires
25:56 Arson
39:52 Town Watch
41:46 Hand Cart
42:31 Town Patrol
43:35 Husbandry
46:20 Murder Holes
50:30 Imperial Age
50:50 Onager
(Z4K4) franki90_
6:40 Loom
9:44 Feudal Age
10:35 Double-Bit Axe
11:31 Wheelbarrow
11:40 Horse Collar
16:44 Forging
20:41 Castle Age
20:20 Bloodlines
20:05 Fletching
21:39 Bow Saw
21:55 Husbandry
22:49 Scale Barding Armor
23:19 Heavy Plow
23:59 Iron Casting
25:13 Hand Cart
27:23 Town Watch
27:35 Gold Mining
27:36 Stone Mining
28:39 Bodkin Arrow
28:46 Padded Archer Armor
29:15 Parthian Tactics
28:57 Thumb Ring
30:19 Ballistics
31:05 Chain Barding Armor
31:01 Leather Archer Armor
34:24 Gold Shaft Mining
34:25 Stone Shaft Mining
35:39 Kamandaran
39:50 Murder Holes
40:06 Masonry
43:33 Imperial Age
41:56 Crossbowman
44:08 Citadels
44:34 Hoardings
45:01 Ring Archer Armor
45:35 Chemistry
45:06 Architecture
46:16 Conscription
48:15 Fervor
50:32 Town Patrol
52:23 Guilds
54:18 Elite War Elephant
Connection lost

Rejoining the realm…

Still unreachable

The connection could not be restored.

Session expired

The server has moved on; the page needs a fresh start.